 Dungeon Crawl Stone Soup version 0.29.1-15-g9cfb28693d (webtiles) character file.

Game seed: 5289776042296218817

149 zeram the Chopper (level 5, 0/47 HPs)
             Began as a Hill Orc Fighter on Apr 19, 2023.
             Slain by Duvessa
             ... wielding a +0 short sword
              (4 damage)
             ... on level 4 of the Dungeon.
             The game lasted 00:03:52 (3689 turns).

zeram the Chopper (Hill Orc Fighter)                Turns: 3689, Time: 00:03:52

Health: 0/47       AC: 10    Str: 21    XL:     5   Next: 31%
Magic:  5/5        EV:  9    Int:  8    God:
Gold:   100        SH:  4    Dex: 10    Spells: 4/4 levels left

rFire   . . .      SeeInvis .   q - +5 whip of Qeviut {vorpal, rPois rC++ rCorr}
rCold   + + .      Faith    .   c - +0 buckler
rNeg    . . .      Spirit   .   b - +0 scale mail
rPois   +          Reflect  .   d - +2 helmet
rElec   .          Harm     .   (no cloak)
rCorr   +          Rampage  .   (no gloves)
Will    .....                   (no boots)
Stlth   ..........              (no amulet)
HPRegen 0.15/turn               (no ring)
MPRegen 0.09/turn               (no ring)

@: lit by a corona, flying, glowing
A: no striking features
a: no special abilities


You were on level 4 of the Dungeon.
You visited 1 branch of the dungeon, and saw 4 of its levels.

You collected 314 gold pieces.
You spent 214 gold pieces at shops.

Inventory:

Hand Weapons
 a - a +0 war axe
 q - the +5 whip of Qeviut (weapon) {vorpal, rPois rC++ rCorr}
   (You found it on level 3 of the Dungeon)

   It inflicts extra damage upon your enemies.
   rC:        It greatly protects you from cold.
   rPois:     It protects you from poison.
   rCorr:     It protects you from acid and corrosion.
Armour
 b - a +0 scale mail (worn)
 c - a +0 buckler (worn)
 d - a +2 helmet (worn)
Jewellery
 m - a ring of poison resistance
Scrolls
 f - a scroll of fear {unknown}
 l - a scroll of enchant weapon {unknown}
 n - a scroll of fog {unknown}
 o - a scroll of brand weapon {unknown}
 p - a scroll of amnesia {unknown}
 s - a scroll of poison {unknown}
 t - a scroll of identify
Potions
 e - 2 potions of lignification
 g - a potion of flight
 h - a potion of brilliance {unknown}
 i - a potion of magic {unknown}
 j - a potion of degeneration {unknown}
 k - a potion of curing
 r - a potion of mutation {unknown}


   Skills:
 + Level 4.3 Fighting
 + Level 5.1(5.2) Axes
 + Level 0.6(2.7) Maces & Flails
 + Level 4.1 Armour
 + Level 0.3 Dodging
 + Level 3.6 Shields


You had 4 spell levels left.
You didn't know any spells.
Your spell library contained the following spells:

 Spells                   Type           Power      Damage    Failure   Level
 Freeze                   Ice            0%         1d3       83%         1
 Frozen Ramparts          Ice            0%         1d1       99%         3
 Hailstorm                Conj/Ice       0%         3d3       100%        4


Dungeon Overview and Level Annotations

Branches:
Dungeon (4/15)
 Temple: D:4-7

Altars:
Makhleb
Sif Muna

Shops:
D:4 [

Annotations:
D:4 Dowan, Duvessa


Message History

Duvessa is heavily wounded.
Duvessa hits you with a +0 short sword. Dowan casts a spell at you.
The puff of frost hits you. You resist. Duvessa hits you with a +0 short sword.
Unknown command.
You closely miss Duvessa.
Duvessa is heavily wounded.
Dowan barely misses you. Duvessa hits you but does no damage.
You hit Duvessa but do no damage.
Duvessa is heavily wounded.
Duvessa hits you with a +0 short sword! Dowan closely misses you.
Duvessa hits you but does no damage. You block Dowan's attack.
You hit Duvessa but do no damage.
Duvessa is heavily wounded.
Duvessa says, "I don't care about looks, I care about technique!"
Duvessa hits you but does no damage.
Okay, then.
It was a potion of flight.
You feel very buoyant.
You fly up into the air.
Duvessa hits you with a +0 short sword. Dowan barely misses you.
Duvessa hits you with a +0 short sword.
* * * LOW HITPOINT WARNING * * *
It was a potion of curing.
You feel better. Duvessa hits you with a +0 short sword!
You block Dowan's attack.
You hit Duvessa but do no damage.
Duvessa is heavily wounded.
Duvessa hits you with a +0 short sword!
* * * LOW HITPOINT WARNING * * *
Dowan hits you with a +0 dagger.
* * * LOW HITPOINT WARNING * * *
Duvessa hits you but does no damage.
You hit Duvessa but do no damage.
Duvessa is heavily wounded.
Duvessa hits you but does no damage. Dowan hits you with a +0 dagger.
* * * LOW HITPOINT WARNING * * *
Unknown command.
You hit Duvessa but do no damage.
Duvessa is heavily wounded.
Duvessa hits you with a +0 short sword.
You die...

#.# # #.. .....## #.
.. ......# .# ..
......# #. .#......#
........###.#
##(.......#..#
#.e..........#
##e@.[........##
#..............##
##..............## #
##............#..###
#..............#..#.
#........†....###.#.
##...........## ##..
###........## #..
#........# ##.


You could see Duvessa (fast) and Dowan.

Vanquished Creatures
  A scorpion (D:4)
  A jelly (D:4)
  An adder (D:2)
  A worm (D:3)
  An orc (D:3)
  4 endoplasms
  3 giant cockroaches
  7 goblins
  4 hobgoblins
  6 jackals
  6 kobolds
  6 ball pythons
  2 bats
  3 frilled lizards (D:1)
  3 rats (D:1)
49 creatures vanquished.

Vanquished Creatures (collateral kills)
  A hobgoblin (D:1)
1 creature vanquished.

Grand Total: 50 creatures vanquished

Notes
Turn   | Place    | Note
-------+----------+-------------------------------------------
     0 | D:1      | zeram the Hill Orc Fighter began the quest for the Orb.
     0 | D:1      | Reached XP level 1. HP: 19/19 MP: 1/1
    79 | D:1      | Reached skill level 3 in Axes
   102 | D:1      | Reached XP level 2. HP: 27/27 MP: 2/2
   810 | D:1      | Reached XP level 3. HP: 31/33 MP: 3/3
  1651 | D:2      | Found a shimmering blue altar of Sif Muna.
  2275 | D:3      | Reached skill level 4 in Axes
  2405 | D:3      | Identified the +5 whip of Qeviut {vorpal, rPois rC++ rCorr}
  2790 | D:3      | Found a burning altar of Makhleb.
  2790 | D:3      | Noticed a cacodemon
  2793 | D:3      | Noticed a hellwing
  2793 | D:3      | Noticed a smoke demon
  2990 | D:4      | Reached XP level 4. HP: 31/40 MP: 4/4
  3165 | D:4      | Noticed a scorpion
  3172 | D:4      | Killed a scorpion
  3173 | D:4      | Reached skill level 5 in Axes
  3173 | D:4      | Reached XP level 5. HP: 44/47 MP: 5/5
  3268 | D:4      | Found Niuloot's Armour Boutique.
  3277 | D:4      | Bought a +2 helmet for 214 gold pieces
  3599 | D:4      | Found the +2 ratskin cloak {*Rats rPois rN+ Str-1 Int-1
                  | Dex+1}
  3671 | D:4      | Noticed Duvessa
  3673 | D:4      | Noticed Dowan
  3689 | D:4      | Slain by Duvessa

Illustrated notes

Levels and vault maps discovered:
D:1:      reono_arrival_mine, layout_basic, minmay_misc_feat_iff
D:2:      layout_loops_corners, basic_altar, chequers_serial_rivers_large_b
D:3:      layout_basic, makhleb_altar_promises_db, patterned_corridor
D:4:      layout_cave_pods, minmay_temple_entry_fiery, serial_column_ruins,
          column_ruins_columns_straight, column_ruins_grid_3,
          column_ruins_corridor_straight, column_ruins_open_medium,
          column_ruins_grid_3, kennysheep_small_circle, uniq_duvessa

Skill      XL: |  1  2  3  4 |
---------------+-------------+-----
Axes           | 3 4 5 |  5.1
Fighting       | 4 |  4.3
Armour         | 4 |  4.1
Maces & Flails | |  0.6
Dodging        | |  0.3
Shields        | |  3.6

Action                   |  1- 3 |  4- 6 || total
-------------------------+-------+-------++-------
Melee: War axe           |    85 |       ||    85
       Whip              |     3 |    36 ||    39
  Use: Scroll            |     5 |     1 ||     6
       Potion            |       |     3 ||     3
Armor: Scale mail        |    45 |    19 ||    64
Dodge: Dodged            |    29 |    16 ||    45
Block: Buckler           |    17 |     7 ||    24
